 Dungeon Crawl Stone Soup version 0.27.0-66-gdc8fb28755 (webtiles) character file.

Game seed: 6085119923682321020

42 pkoi the Magician (level 3, -4/25 HPs)
             Began as a Djinni Fire Elementalist on Aug 19, 2021.
             Killed from afar by Sigmund (10 damage)
             ... with a magic dart
             ... on level 2 of the Dungeon.
             The game lasted 00:04:08 (1774 turns).

pkoi the Magician (Djinni Fire Elementalist)        Turns: 1774, Time: 00:04:08

Health: -4/25      AC:  2    Str:  7    XL:     3   Next: 77%
Gold:   78         EV: 12    Int: 17    God:
                   SH:  0    Dex: 13

rFire    + + .     SeeInvis .   (no weapon)
rCold    x . .     Faith    .   (no shield)
rNeg     . . .     Spirit   .   a - +0 robe
rPois    ∞         Reflect  .   (no helmet)
rElec    .         Harm     .   (no cloak)
rCorr    .         Rampage  .   (no gloves)
Will     .....                  (boots unavailable)
Stlth    ++........             (no amulet)
HPRegen  0.08/turn              (no ring)
MPRegen  0.00/turn              (no ring)

@: flying
A: sickness immunity, fire resistance 2, cold vulnerability 1, float, innate
caster, hp casting, extra vitality 1
a: no special abilities


You were on level 2 of the Dungeon.
You visited 1 branch of the dungeon, and saw 2 of its levels.

You collected 78 gold pieces.

Inventory:

Armour
 a - a +0 robe (worn)
Scrolls
 b - a scroll of enchant armour {unknown}
 c - a scroll of torment {unknown}
Potions
 d - 3 potions of brilliance {unknown}
 e - a potion of invisibility {unknown}
 f - 2 potions of heal wounds {unknown}


   Skills:
 - Level 2.1 Dodging
 - Level 1.5 Stealth
 + Level 3.5 Spellcasting


You couldn't memorise any spells.
You knew the following spells:

 Your Spells              Type           Power      Damage    Failure   Level
a - Foxfire               Conj/Fire      56%        2x1d6     4%          1
b - Conjure Flame         Conj/Fire      14%        6-21      12%         3
c - Inner Flame           Hex/Fire       14%        N/A       12%         3
d - Sticky Flame          Conj/Fire      14%        2d4       36%         4
e - Fireball              Conj/Fire      7%         3d5       73%         5
f - Pain                  Necr           56%        1d6       4%          1
Your spell library was empty.

Dungeon Overview and Level Annotations

Branches:
Dungeon (2/15)

Altars:
Xom

Annotations:
D:2 Sigmund


Innate Abilities, Weirdness & Mutations

You are immune to sickness and miasma.
You are immune to poison.
Your flesh is very heat resistant. (rF++)
You are vulnerable to cold. (rC-)
You float through the air rather than walking.
You learn spells naturally, not from books.
Your magical power is your life essence.
You have superior vitality. (+4 HP)


Message History

You conjure some foxfire!
Sigmund barely misses you.
The foxfire hits Sigmund.
Sigmund is heavily wounded.
The foxfire hits Sigmund.
Sigmund is severely wounded.
Sigmund gestures at you while chanting. The magic dart hits you.
Sigmund casts a spell at you. The magic dart hits you.
Sigmund gestures at you while chanting. The puff of flame hits you. You resist.
* * * LOW HITPOINT WARNING * * *
Casting: Foxfire (safe; 4% risk of failure)
Confirm with . or Enter, or press ? or * to list all spells.
Okay, then.
Unknown command.
Casting: Foxfire (safe; 4% risk of failure)
Confirm with . or Enter, or press ? or * to list all spells.
The spell is quite dangerous to cast (12% risk of failure)!
Continue anyway?
Okay, then.
Unknown command.
Unknown command.
Casting: Conjure Flame (quite dangerous; 12% risk of failure)
Confirm with . or Enter, or press ? or * to list all spells.
You conjure some foxfire!
* * * LOW HITPOINT WARNING * * *
Sigmund casts a spell.
Sigmund flickers and vanishes!
Deactivating autopickup; reactivate with Ctrl-A.
Your foxfire dissipates!
The foxfire hits something but does no damage.
Casting: Foxfire (safe; 4% risk of failure)
Confirm with . or Enter, or press ? or * to list all spells.
You conjure some foxfire!
* * * LOW HITPOINT WARNING * * *
Your foxfire dissipates!
The foxfire hits something.
A magic dart appears from out of thin air!
The magic dart hits you!
You die...

# # # # .## #...
#... #####. ###...
#.@.# .. ......
#.#.# #. ###.##...
#.#.# #.###........
#.#.# #............
#.#.# #......_.....
#.#.###............
#{#..<#............
#.#####...@.....##.
#.# #.........#


There were no monsters in sight!

Vanquished Creatures
  A worm (D:1)
  A dart slug (D:1)
  3 ball pythons
  An endoplasm (D:1)
  2 hobgoblins (D:1)
  7 jackals (D:1)
  2 kobolds
  6 quokkas
  2 bats (D:1)
  3 frilled lizards (D:1)
  6 rats
34 creatures vanquished.

Vanquished Creatures (others)
  104 foxfires
104 creatures vanquished.

Grand Total: 138 creatures vanquished

Notes
Turn   | Place    | Note
-------+----------+-------------------------------------------
     0 | D:1      | pkoi the Djinni Fire Elementalist began the quest for the
                  | Orb.
     0 | D:1      | Reached XP level 1. HP: 15/15 MP: 0/0
   159 | D:1      | Reached XP level 2. HP: 18/21 MP: 0/0
   324 | D:1      | Reached skill level 3 in Spellcasting
   620 | D:1      | Reached XP level 3. HP: 24/25 MP: 0/0
   620 | D:1      | Learned a level 1 spell: Pain
   643 | D:1      | Found a faded altar of an unknown god.
  1468 | D:2      | Noticed Sigmund
  1742 | D:2      | Found a shimmering altar of Xom.
  1774 | D:2      | Killed from afar by Sigmund

Illustrated notes

Levels and vault maps discovered:
D:1:      dpeg_arrival_tiny_g, layout_rooms, ebering_ecumenical_altar_webs
D:2:      layout_basic, basic_altar, kennysheep_generic_room_3, uniq_sigmund

Skill      XL: |  1  2 |
---------------+-------+-----
Spellcasting   | 3 |  3.5
Dodging        | |  2.1
Stealth        | |  1.5

Action                   || total
-------------------------++-------
Melee: Unarmed           ||     1
 Cast: Foxfire           ||    70
Armor: Robe              ||     5
Dodge: Dodged            ||    16
